 Dungeon Crawl Stone Soup version 0.24.0-13-gcf9b319 (webtiles) character file.

Game seed: 2245276070489061890, levelgen mode: deterministic

351 Balder the Poker (level 6, 0/47 HPs)
             Began as a Merfolk Skald on June 1, 2020.
             Killed from afar by Natasha (2 damage)
             ... with a magic dart
             ... on level 3 of the Dungeon on June 2, 2020.
             The game lasted 00:14:55 (3464 turns).

Balder the Poker (Merfolk Skald)                    Turns: 3464, Time: 00:14:56

Health: 0/47       AC:  5    Str: 14    XL:     6   Next: 61%
Magic:  1/9        EV: 13    Int: 12    God:
Gold:   140        SH:  0    Dex: 13    Spells: 8/9 levels left

rFire    . . .     SeeInvis .   a - +0 spear
rCold    . . .     Gourm    .   (no shield)
rNeg     . . .     Faith    .   b - +0 leather armour
rPois    .         Spirit   .   (no helmet)
rElec    .         Reflect  .   (no cloak)
rCorr    .         Harm     .   (no gloves)
MR       .....                  j - +1 pair of boots {Stlth+}
Stlth    +++.......             (no amulet)
HPRegen  0.15/turn              (no ring)
MPRegen  0.11/turn              (no ring)

@: infused
A: change form in water, swift swim, stealthy swim
a: no special abilities


You were on level 3 of the Dungeon.
You were not hungry.

You visited 1 branch of the dungeon, and saw 4 of its levels.

You collected 140 gold pieces.

Inventory:

Hand Weapons
 a - a +0 spear (weapon)
 i - a +0 short sword
Missiles
 p - 2 poisoned darts (quivered)
Armour
 b - a +0 leather armour (worn)
 j - a +1 pair of boots of stealth (worn)
Scrolls
 c - 3 scrolls of teleportation
 e - 2 scrolls of magic mapping {unknown}
 f - a scroll of noise {unknown}
 g - 4 scrolls of identify
 h - a scroll of immolation {unknown}
 k - a scroll of remove curse {unknown}
 n - a scroll of enchant armour {unknown}
 s - a scroll of fog {unknown}
Potions
 m - a potion of flight {unknown}
 o - a potion of resistance {unknown}
 r - a potion of curing {unknown}
Comestibles
 d - 4 rations
 q - 4 chunks of flesh


   Skills:
 * Level 3.2 Fighting
 * Level 5.1 Polearms
 * Level 1.4 Throwing
 + Level 1.5 Armour
 * Level 4.4 Dodging
 * Level 1.9 Stealth
 + Level 2.1 Spellcasting
 * Level 4.6 Charms


You had 8 spell levels left.
You knew the following spells:

 Your Spells              Type           Power        Failure   Level  Hunger
a - Infusion              Chrm           ##..         4%          1    ##.....

Your spell library contained the following spells:

 Spells                   Type           Power        Failure   Level  Hunger
 Song of Slaying          Chrm           ##......     8%          2    ###....
 Shroud of Golubria       Chrm/Tloc      #.....       19%         2    ###....
 Regeneration             Chrm/Necr      #.........   36%         3    ####...
 Spectral Weapon          Hex/Chrm       #.......     36%         3    ####...


Dungeon Overview and Level Annotations

Branches:
Dungeon (4/15)
 Temple: D:4-7

Altars:

Annotations:
D:2 Sigmund
D:3 Natasha


Message History

Natasha is lightly wounded.
Natasha claws you.
The gnoll hits you from afar with a +0 spear.
You hit Natasha!
Natasha is severely wounded.
Natasha claws you. The gnoll hits you but does no damage.
You hit Natasha.
Natasha is almost dead.
Natasha claws you.
* * * LOW HITPOINT WARNING * * *
The gnoll hits you from afar with a +0 spear.
* * * LOW HITPOINT WARNING * * *
You barely miss Natasha.
Natasha is almost dead.
Natasha extends her claws.
Natasha claws you!
* * * LOW HITPOINT WARNING * * *
Natasha stares at you and mumbles some strange words.
The magic dart hits you.
You die...

.###(#.####.##.#............#
#
..(.....(...##.#.#'#.#...#..#
.(........)......#÷#.#.#.##.#
)........#.g...#.#.#.#.#.#
.>.
########.###g###.#.#.#.#.#
#.. #g# #.).5g#.#.#.#.# ..#
#g# #####h#÷#.. .. #g#
#.#.###.# #(# #####@......#
.(..............#
#########.##.#### #........
####.#### #


You could see Natasha, a gnoll and a crimson imp.

Vanquished Creatures
  A hound (D:4)
  An orc priest (D:3)
  3 orc wizards
  Natasha (D:3)
  3 gnolls (D:3)
  5 adders
  An ooze (D:1)
  An adder skeleton (D:3)
  4 dart slugs
  2 leopard geckos (D:1)
  10 orcs
  7 bats
  7 giant cockroaches
  11 goblins
  7 hobgoblins
  3 jackals (D:3)
  7 kobolds
  2 quokkas (D:2)
  2 frilled lizards
  6 rats
84 creatures vanquished.

Notes
Turn   | Place    | Note
-------+----------+-------------------------------------------
     0 | D:1      | Balder the Merfolk Skald began the quest for the Orb.
     0 | D:1      | Reached XP level 1. HP: 16/16 MP: 3/3
   256 | D:1      | Reached XP level 2. HP: 22/22 MP: 0/5
   733 | D:1      | Reached XP level 3. HP: 12/28 MP: 6/6
  1260 | D:1      | Reached skill level 1 in Armour
  1527 | D:2      | Reached skill level 1 in Stealth
  1527 | D:2      | Reached XP level 4. HP: 30/34 MP: 2/7
  1866 | D:2      | You fall into a shaft and drop 2 floors!
  1935 | D:4      | Reached XP level 5. HP: 31/39 MP: 8/8
  1979 | D:4      | Reached skill level 1 in Throwing
  2104 | D:3      | Reached skill level 4 in Polearms
  2389 | D:2      | Noticed Sigmund
  2688 | D:3      | Reached XP level 6. HP: 39/47 MP: 0/9
  3185 | D:3      | Noticed Natasha
  3201 | D:3      | Killed Natasha
  3446 | D:3      | Reached skill level 5 in Polearms
  3450 | D:3      | Noticed Natasha
  3463 | D:3      | HP: 1/47 [Natasha (7)]
  3464 | D:3      | Killed from afar by Natasha

Levels and vault maps discovered:
D:1:      evilmike_arrival_fibonacci_small, layout_loops_corners
D:2:      layout_basic, uniq_sigmund
D:3:      layout_basic, uniq_natasha
D:4:      layout_cave_pods, lemuel_doored_altar, st_stairs_1

Skill      XL: |  1  2  3  4  5  6 |
---------------+-------------------+-----
Dodging        | 3 4 |  4.4
Armour         | 1 |  1.5
Stealth        | 1 |  1.9
Charms         | 4 |  4.6
Throwing       | 1 |  1.4
Polearms       | 4 5 |  5.1
Fighting       | 3 |  3.2
Spellcasting   | |  2.1

Action                   |  1- 3 |  4- 6 || total
-------------------------+-------+-------++-------
Melee: Spear             |   152 |   239 ||   391
Throw: Dart              |       |    18 ||    18
 Cast: Infusion          |     5 |    12 ||    17
  Use: Scroll            |       |     3 ||     3
       Potion            |       |     1 ||     1
 Stab: Sleeping          |     4 |     6 ||    10
  Eat: Chunk             |     2 |     5 ||     7
       Ration            |       |     1 ||     1
Armor: Leather armour    |    35 |    54 ||    89
Dodge: Dodged            |    78 |   150 ||   228
